 Dungeon Crawl Stone Soup version 0.20-a0-210-gd6c29eb (webtiles) character file.

119 KristoblXynda the Charmwright (level 4, -9/36 HPs)
             Began as a Draconian Skald on Nov 26, 2016.
             Killed by divine providence
             ... invoked by an orc priest
              (15 damage)
             ... on level 3 of the Dungeon.
             The game lasted 00:04:02 (2148 turns).

KristoblXynda the Charmwright (Draconian Skald)     Turns: 2148, Time: 00:04:02

Health: -9/36      AC:  5    Str: 19    XL:     4   Next: 73%
Magic:  7/7        EV: 11    Int: 13    God:
Gold:   128        SH:  0    Dex: 11    Spells: 3/7 levels left

rFire  . . .     SeeInvis .     a - +0 falchion
rCold  . . .     Gourm    .     (armour unavailable)
rNeg   . . .     Faith    .     (no shield)
rPois  .         Spirit   .     (helmet restricted)
rElec  .         Reflect  .     (no cloak)
rCorr  .         Harm     .     (no gloves)
MR     .....                    (no boots)
Stlth  +.........               (no amulet)
                                (no ring)
                                (no ring)

@: mighty, heavily drained
A: unfitting armour, cold-blooded, AC +5
a: no special abilities


You were on level 3 of the Dungeon.
You were not hungry.

You visited 1 branch of the dungeon, and saw 3 of its levels.

You collected 128 gold pieces.

Inventory:

Hand Weapons
 a - a +0 falchion (weapon)
 h - a +2 dagger of pain
Missiles
 l - a throwing net (quivered)
Scrolls
 f - 3 scrolls of remove curse {unknown}
 g - a scroll of noise {unknown}
 j - a scroll of fog {unknown}
 k - a scroll of recharging {unknown}
 m - 2 scrolls of amnesia {unknown}
 n - 2 scrolls of identify {unknown}
 o - a scroll of enchant weapon {unknown}
Potions
 p - 2 potions of agility {unknown}
Books
 b - a book of Battle

   Spells                             Type                      Level
   a - Infusion                       Charms                       1
   b - Shroud of Golubria             Charms/Translocation         2
   c - Song of Slaying                Charms                       2
   d - Spectral Weapon                Hexes/Charms                 3
   e - Regeneration                   Charms/Necromancy            3
 q - a book of Misfortune

   Spells                             Type                      Level
   a - Confusing Touch                Hexes                        1
   b - Confuse                        Hexes                        3
   c - Gell's Gravitas                Hexes/Translocation          3
   d - Petrify                        Transmutation/Earth          4
   e - Metabolic Englaciation         Hexes/Ice                    5
   f - Yara's Violent Unravelling     Hexes/Transmutation          5
Comestibles
 c - a bread ration
 i - a meat ration
 r - 4 fruits


   Skills:
 - Level 2.1(0.5) Fighting
 + Level 3.0(1.3) Long Blades
 + Level 2.6(0.9) Dodging
 - Level 2.0(0.3) Spellcasting
 + Level 3.8(2.1) Charms


You had 3 spell levels left.
You knew the following spells:

 Your Spells              Type           Power        Failure   Level  Hunger
a - Infusion              Chrm           #...         14%         1    ##.....
b - Regeneration          Chrm/Necr      #.........   65%         3    ####...


Dungeon Overview and Level Annotations

Branches:
Dungeon (3/15)

Altars:
Nemelex Xobeh


Innate Abilities, Weirdness & Mutations

Your plain brown scales are hard. (AC +5)
You cannot fit into any form of body armour.
You are cold-blooded and may be slowed by cold attacks.


Message History

You feel much better. The orc hits you with a club. The orc barely misses you.
You riposte.
You slash the orc!
You kill the orc!
The orc hits you with a whip.
The orc priest invokes the aid of Beogh against you.
Pain shoots through your body! The orc misses you.
Things that are here:
a short sword of draining; a leather armour; an orc corpse You barely miss the orc priest.
You tail-slap the orc priest!
The orc priest is almost dead.
The orc closely misses you.
You riposte.
You slash the orc!
You kill the orc!
The orc priest calls down the wrath of Beogh upon you.
Beogh smites you!
* * * LOW HITPOINT WARNING * * *
The orc closely misses you.
You riposte.
You slash the orc!
You kill the orc!
The orc priest mumbles some strange prayers to Beogh against you.
Beogh smites you!
You die...

...........)..##.#
.....(........##.#
###............#.#
#...........)#.#
############...#
... ##..# ....
#..# ..... #.)#
...$o.#####@##
..........)o.#
......####...#
##+## #...#
#...### #..>..#
#######


You could see an orc priest.

Vanquished Creatures
  Natasha (D:3)
  2 adders (D:2)
  An ooze (D:2)
  A dart slug (D:3)
  3 leopard geckos
  6 orcs
  8 goblins
  6 hobgoblins
  5 jackals
  9 kobolds
  7 bats
  2 frilled lizards
  6 rats
57 creatures vanquished.

Notes
Turn   | Place    | Note
-------+----------+-------------------------------------------
     0 | D:1      | KristoblXynda the Draconian Skald began the quest for the Orb.
     0 | D:1      | Reached XP level 1. HP: 17/17 MP: 3/3
    69 | D:1      | Reached XP level 2. HP: 21/24 MP: 5/5
   862 | D:2      | Reached XP level 3. HP: 25/29 MP: 6/6
   920 | D:2      | Found a faded altar of an unknown god.
  1466 | D:2      | Found a sparkling altar of Nemelex Xobeh.
  1605 | D:2      | Reached XP level 4. HP: 30/36 MP: 7/7
  1856 | D:3      | Noticed Natasha
  1866 | D:3      | Killed Natasha
  2023 | D:3      | Learned a level 3 spell: Regeneration
  2148 | D:3      | Killed from afar by an orc priest

Vault maps used:
D:1:      co_arrival_random_square_maze, hangedman_abyss_or_decor_lesser_grid,
          corexii_item_surrounded_by_moat
D:2:      chequers_ecumenical_altar_simple, nemelex_dance_club_becter
D:3:      uniq_natasha

Skill      XL: |  1  2  3  4 |
---------------+-------------+-----
Charms         | 3 |  3.8
Dodging        | 2 |  2.6
Long Blades    | 3 |  3.0
Fighting       | |  2.1
Spellcasting   | |  2.0

Action                   |  1- 3 |  4- 6 || total
-------------------------+-------+-------++-------
Melee: Falchion          |   127 |    46 ||   173
       Tailslap          |     7 |     6 ||    13
       Dagger            |    19 |       ||    19
  Use: Potion            |       |     3 ||     3
 Stab: Sleeping          |     1 |       ||     1
  Eat: Chunk             |     2 |     1 ||     3
       Pizza             |       |     1 ||     1
Armor: Skin              |    63 |    23 ||    86
Dodge: Dodged            |   148 |    27 ||   175
       Rpst.: Falchion   |    40 |     8 ||    48
